 Dungeon Crawl Stone Soup version 0.25-a0-356-g7c9d860b3b (webtiles) character file.

Game seed: 5248477710195873725, levelgen mode: deterministic

47490 Borgoz the Bludgeoner (level 14, -19/92 HPs)
             Began as a Gargoyle Gladiator on Jan 4, 2020.
             Was a High Priest of Makhleb.
             Demolished by a very large slime creature (35 damage)
             ... on level 15 of the Dungeon.
             The game lasted 00:26:47 (15686 turns).

Borgoz the Bludgeoner (Gargoyle Gladiator)         Turns: 15686, Time: 00:26:47

Health: -19/92     AC: 35    Str: 20    XL:     14   Next: 42%
Magic:  0/16       EV:  9    Int: 13    God:    Makhleb [*****.]
Gold:   148        SH:  0    Dex: 13    Spells: 13/13 levels left

rFire    + . .     SeeInvis .   C - +0 morningstar
rCold    . . .     Gourm    .   (no shield)
rNeg     + . .     Faith    .   e - +0 plate armour
rPois    ∞         Spirit   +   g - +2 hat {Int+3}
rElec    +         Reflect  .   (no cloak)
rCorr    .         Harm     .   i - +0 pair of gloves
MR       +....                  G - +2 pair of boots
Stlth    ..........             w - amulet of guardian spirit
HPRegen  0.25/turn              k - ring of protection from fire
MPRegen  0.15/turn              l - +2 ring of protection

@: confused
A: big wings, negative energy resistance 1, electricity resistance, unbreathing,
petrification resistance, rot immunity, AC +10
a: Fly, Minor Destruction, Lesser Servant of Makhleb, Major Destruction, Greater
Servant of Makhleb, Renounce Religion


You were on level 15 of the Dungeon.
You worshipped Makhleb.
Makhleb was extremely pleased with you.
You were very hungry.

You visited 2 branches of the dungeon, and saw 16 of its levels.
You also visited: Ossuary.

You collected 1001 gold pieces.
You spent 853 gold pieces at shops.

Inventory:

Hand Weapons
 C - a +0 morningstar (weapon)
Armour
 e - a +0 plate armour (worn)
 g - a +2 hat of intelligence (worn)
 i - a +0 pair of gloves (worn)
 G - a +2 pair of boots (worn)
Jewellery
 a - an uncursed amulet of harm
 k - a ring of protection from fire (left hand)
 l - a +2 ring of protection (right hand)
 w - an amulet of guardian spirit (around neck)
 B - an uncursed amulet of the gourmand
Wands
 x - a wand of paralysis (16)
 I - a wand of iceblast (3)
Scrolls
 h - 9 scrolls of remove curse
 j - 3 scrolls of blinking
 n - 9 scrolls of teleportation
 p - 2 scrolls of enchant armour
 s - 4 scrolls of fear {unknown}
 v - 2 scrolls of magic mapping
 y - 3 scrolls of enchant weapon
 E - a scroll of summoning
Potions
 u - 4 potions of curing
 A - a potion of resistance
 F - a potion of cancellation
 H - 2 potions of mutation
Comestibles
 f - 26 rations


   Skills:
 + Level 12.7 Fighting
 * Level 16.0 Maces & Flails
 - Level 1.7 Throwing
 + Level 12.6 Armour
 + Level 4.4 Dodging
 - Level 2.7 Invocations
 - Level 2.4 Evocations


You had 13 spell levels left.
You didn't know any spells.
Your spell library contained the following spells:

 Spells                   Type           Power        Failure   Level  Hunger
 Beastly Appendage        Tmut           #.....       99%         1    ##.....
 Magic Dart               Conj           #...         99%         1    ##.....
 Searing Ray              Conj           #.....       99%         2    ###....
 Sticks to Snakes         Tmut           #.......     99%         2    ###....
 Dazzling Flash           Conj/Hex       #.....       100%        3    ####...
 Recall                   Summ/Tloc      N/A          100%        3    ####...
 Spider Form              Tmut/Pois      #.........   100%        3    ####...
 Animate Dead             Necr           N/A          100%        4    #####..
 Fulminant Prism          Conj/Hex       #.........   100%        4    #####..
 Ice Form                 Ice/Tmut       #.......     100%        4    #####..
 Iskenderun's Mystic Bla  Conj/Tloc      #.......     100%        4    #####..
 Blade Hands              Tmut           #.........   100%        5    ######.
 Borgnjor's Vile Clutch   Necr/Erth      #.........   100%        5    ######.
 Death Channel            Necr           #.........   100%        6    #######
 Simulacrum               Ice/Necr       #.........   100%        6    #######


Dungeon Overview and Level Annotations

Branches:
Dungeon (15/15)            Temple (1/1) D:4            Lair (0/6) D:11
    Orc (0/2) D:9          Vaults (0/5) D:14        Ossuary (visited)
 Depths: D:15

Altars:
Ashenzari
Cheibriados
Dithmenos
Elyvilon
Fedhas
Gozag
Hepliaklqana
Kikubaaqudgha
Makhleb
Nemelex Xobeh
Okawaru
Qazlal
Ru
Sif Muna
Trog
Uskayaw
Vehumet
Wu Jian
Xom
Yredelemnul
Zin
The Shining One

Shops:
D:4 *   D:5 !(::%   D:6 :   D:14 ?

Annotations:
D:14 2 transporters, Lanoc's ghost, journeyman SpEE
D:15 Roxanne


Innate Abilities, Weirdness & Mutations

You are resistant to torment.
Your stone body is resilient. (AC +10)
You are immune to poison.
Your large and strong wings let you fly indefinitely.
You resist negative energy. (rN+)
You are resistant to electric shocks. (rElec)
You can survive without breathing.
You are immune to petrification.
You are immune to rotting.


Message History

The very large slime creature is almost dead.
The very large slime creature hits you.
* * * LOW HITPOINT WARNING * * *
You are confused.
You feel invigorated.
A very large slime creature splits.
You bump into the rock wall.
The large slime creature hits you!
* * * LOW HITPOINT WARNING * * *
The slime creature hits you but does no damage.
Two slime creatures merge to form a very large slime creature.
You bump into the rock wall.
You're too confused to move!
You completely miss the very large slime creature.
The very large slime creature is almost dead.
You closely miss the very large slime creature.
The very large slime creature is almost dead.
The very large slime creature hits you!!!
* * * LOW HITPOINT WARNING * * *
You bump into the rock wall.
The very large slime creature hits you!!!
You die...

##. ..#.....# ...
#.#..._.#
...###.#.#...#######
........?..........#
.....#...#.#######.#
..##)#####.# #...# .
#<# ..# #.### ###
########.# #W.J@#
#.#### #Z#
#......WD.....#
#..JJ..Z.####.#
#..J.....#
#.....$..#
#.......|#
#........#


You could see a very large slime creature and a wraith.

Vanquished Creatures
  Gastronok (D:9)
  Josephine (D:10)
  2 dancing weapons (D:14)
  2 two-headed ogres
  Erica (D:11)
  Urug (D:11)
  3 slime creatures (D:14)
  Nergalle (D:11)
  2 unseen horrors (D:14)
  7 ugly things
  3 manticores
  2 cyclopes
  An elephant (shapeshifter) (D:14)
  3 kobold demonologists (D:14)
  2 guardian mummies (D:14)
  A tengu conjurer (D:14)
  6 trolls
  3 meliai
  3 hornets
  Prince Ribbit (D:7)
  2 hippogriffs
  A centaur simulacrum (D:14)
  2 shadows (D:13)
  9 wraiths
  5 wyverns
  A basilisk (shapeshifter) (D:14)
  7 yaks
  2 basilisks
  5 hungry ghosts
  5 vampire mosquitoes (D:13)
  A steam dragon (D:8)
  3 wargs (D:11)
  A water moccasin (D:10)
  5 ice beasts
  7 sky beasts
  5 necrophages
  7 orc warriors
  3 phantoms
  8 ogres
  6 centaurs
  A crocodile (D:9)
  A big kobold (D:9)
  4 elf zombies (Ossuary)
  11 bullfrogs
  A wyvern zombie (D:8)
  A wyvern skeleton (D:12)
  A scorpion (D:12)
  A water moccasin skeleton (D:9)
  10 killer bees
  2 howler monkeys
  5 wights (D:9)
  2 bullfrog zombies
  7 centaur zombies
  7 crimson imps
  A quasit (D:9)
  5 human zombies (Ossuary)
  8 orc priests
  A gnoll shaman (D:9)
  7 hounds
  4 jellies
  A bullfrog skeleton (D:12)
  7 centaur skeletons
  4 iguanas
  18 orc wizards
  Natasha (thrice) (D:3)
  15 worker ants
  2 hound skeletons
  3 hound zombies
  3 mummies (Ossuary)
  A worker ant zombie (D:10)
  6 gnolls
  A howler monkey skeleton (D:5)
  16 adders
  2 shadow imps
  An ooze (D:4)
  2 adder skeletons
  3 worms
  5 leopard geckos
  39 orcs
  7 giant cockroaches
  11 hobgoblins
  12 jackals
  10 kobolds
  8 quokkas
  8 bats
  5 frilled lizards
  8 goblins
  A jackal zombie (D:8)
  2 leopard gecko skeletons
  6 rats
421 creatures vanquished.

Notes
Turn   | Place    | Note
-------+----------+-------------------------------------------
     0 | D:1      | Borgoz the Gargoyle Gladiator began the quest for the Orb.
     0 | D:1      | Reached XP level 1. HP: 12/12 MP: 1/1
   109 | D:1      | Reached XP level 2. HP: 18/18 MP: 2/2
   363 | D:1      | Reached skill level 1 in Armour
   531 | D:1      | Reached XP level 3. HP: 22/22 MP: 3/3
  1081 | D:2      | Reached skill level 4 in Maces & Flails
  1081 | D:2      | Reached XP level 4. HP: 23/27 MP: 4/4
  1484 | D:3      | Reached XP level 5. HP: 27/32 MP: 5/5
  2137 | D:3      | Noticed Natasha
  2142 | D:3      | Killed Natasha
  2302 | D:3      | Noticed Natasha
  2310 | D:3      | Killed Natasha
  2386 | D:3      | Noticed Natasha
  2395 | D:3      | Killed Natasha
  2395 | D:3      | Reached skill level 5 in Maces & Flails
  2395 | D:3      | Reached XP level 6. HP: 34/38 MP: 6/6
  2416 | D:4      | Found a sand-covered staircase.
  2424 | Ossuary  | Entered an ossuary
  2829 | Ossuary  | Reached XP level 7. HP: 41/44 MP: 7/7
  2855 | Ossuary  | Reached skill level 6 in Maces & Flails
  3193 | Ossuary  | Reached skill level 5 in Fighting
  3317 | D:4      | Found a hide-covered altar of Uskayaw.
  3417 | D:4      | Found a white marble altar of Elyvilon.
  3419 | D:4      | Found a blossoming altar of Fedhas.
  3445 | D:4      | Reached skill level 7 in Maces & Flails
  3445 | D:4      | Reached XP level 8. HP: 42/49 MP: 8/8
  3556 | D:4      | Found a staircase to the Ecumenical Temple.
  3689 | D:4      | Found a glowing silver altar of Zin.
  3690 | D:4      | Found Zin's Purification Station.
  3802 | D:4      | Found a burning altar of Makhleb.
  3802 | D:4      | Noticed an Executioner
  3867 | D:5      | Entered Level 5 of the Dungeon
  3897 | D:5      | Found Qiasubb's Food Boutique.
  3958 | D:5      | Found Boaw's Book Shop.
  4015 | D:5      | Reached skill level 5 in Armour
  4168 | D:5      | Found Hoykhatz's Distillery.
  4325 | D:5      | Found Nyboll's Antique Weapon Shoppe.
  4369 | D:5      | Found a shadowy altar of Dithmenos.
  4424 | D:5      | Found Corphiwk's Book Boutique.
  4450 | D:5      | Found a shimmering altar of Xom.
  4581 | D:6      | Found Raqeps's Book Boutique.
  4597 | D:6      | Reached skill level 8 in Maces & Flails
  4774 | D:6      | Reached XP level 9. HP: 36/56 MP: 9/9
  5505 | D:7      | Noticed Prince Ribbit
  5521 | D:7      | Reached skill level 9 in Maces & Flails
  6095 | D:7      | Killed Prince Ribbit
  6388 | D:7      | Noticed a two-headed ogre
  6599 | D:8      | Reached skill level 10 in Maces & Flails
  6627 | D:9      | Found an ornate altar of the Wu Jian Council.
  6657 | D:9      | Reached XP level 10. HP: 55/64 MP: 10/10
  7142 | D:8      | Reached skill level 11 in Maces & Flails
  7287 | D:8      | Noticed a two-headed ogre
  7303 | D:8      | Killed a two-headed ogre
  7936 | Temple   | Entered the Ecumenical Temple
  7960 | Temple   | Became a worshipper of Makhleb the Destroyer
  8127 | D:9      | Noticed Gastronok
  8164 | D:9      | Killed Gastronok
  8164 | D:9      | Reached skill level 12 in Maces & Flails
  8164 | D:9      | Reached XP level 11. HP: 16/71 MP: 11/11
  8528 | D:9      | Found a staircase to the Orcish Mines.
  8762 | D:9      | Reached * piety under Makhleb
  8794 | D:9      | Noticed a manticore
  8808 | D:9      | Killed a manticore
  9108 | D:10     | Entered Level 10 of the Dungeon
  9230 | D:10     | Reached skill level 10 in Fighting
  9889 | D:10     | Reached ** piety under Makhleb
  9889 | D:10     | Reached skill level 10 in Armour
  9904 | D:10     | Noticed Josephine
  9928 | D:10     | Killed Josephine
  9928 | D:10     | Reached skill level 13 in Maces & Flails
 10535 | D:11     | Reached XP level 12. HP: 78/78 MP: 10/12
 10536 | D:11     | Noticed Urug
 10544 | D:11     | Paralysed by Urug for 2 turns
 10560 | D:11     | Killed Urug
 10804 | D:11     | Reached *** piety under Makhleb
 10840 | D:11     | Noticed Nergalle
 10871 | D:11     | Killed Nergalle
 11036 | D:11     | Found a staircase to the Lair.
 11339 | D:11     | Noticed Erica
 11350 | D:11     | Killed Erica
 11350 | D:11     | Reached skill level 14 in Maces & Flails
 12130 | D:5      | Bought a potion of experience for 650 gold pieces
 12131 | D:5      | Reached XP level 13. HP: 84/84 MP: 12/15
 13576 | D:14     | Reached **** piety under Makhleb
 13591 | D:14     | Reached skill level 15 in Maces & Flails
 13975 | D:14     | Found a transporter.
 14033 | D:14     | Found a transporter.
 14041 | D:14     | Gained mutation: Your large and strong wings let you fly
                  | indefinitely. [Gargoyle growth]
 14041 | D:14     | Reached XP level 14. HP: 92/92 MP: 16/16
 14054 | D:14     | Found a gate to the Vaults.
 14302 | D:14     | Noticed Lanoc's ghost (journeyman SpEE)
 14320 | D:14     | Found Luonod's Magic Scroll Boutique.
 14359 | D:14     | Bought a scroll of identify for 22 gold pieces
 14359 | D:14     | Bought a scroll of identify for 22 gold pieces
 14359 | D:14     | Bought a scroll of magic mapping for 38 gold pieces
 14359 | D:14     | Bought a scroll of identify for 22 gold pieces
 14359 | D:14     | Bought a scroll of identify for 22 gold pieces
 14359 | D:14     | Bought a scroll of identify for 22 gold pieces
 14359 | D:14     | Bought a scroll of identify for 22 gold pieces
 14359 | D:14     | Bought a scroll of teleportation for 33 gold pieces
 14386 | D:14     | Found a portal to a secret trove of treasure.
 15111 | D:14     | Reached ***** piety under Makhleb
 15236 | D:15     | Entered Level 15 of the Dungeon
 15598 | D:15     | Found an opulent altar of Gozag.
 15633 | D:15     | Noticed Roxanne
 15645 | D:15     | Reached skill level 16 in Maces & Flails
 15686 | D:15     | Demolished by a very large slime creature

Levels and vault maps discovered:
D:1:      minmay_arrival_five_plusses, layout_basic, st_stairs_1
D:2:      layout_basic
D:3:      layout_basic, uniq_natasha
D:4:      layout_loops_ring, marbit_many_paths,
          chequers_temple_overflow_statue_of_worship, zin_purify,
          temple_statues, nicolae_ossuary_entry_plus, makhleb_altar_promises_db
D:5:      layout_basic, old_standard_altar, nicolae_dithmenos_the_darkroom,
          serial_shops, shop_coins, nicolae_shop_statue_plus, shop,
          kennysheep_mini, nicolae_shop_waterfront, first_ration,
          kennysheep_generic_room_6
D:6:      layout_loops_ring, serial_shops, shop
D:7:      minmay_opposing_rooms, layout_loops_ring, minivault_26,
          lightli_corner_chamber, uniq_prince_ribbit1
D:8:      minmay_diamond_stairs, layout_basic
D:9:      layout_stronghold, old_standard_altar, orc_0_dummy,
          blue_anna_alchemist [blue_anna_fruit_fields, blue_anna_fruit_fields],
          minmay_misc_feat_secret_circle, uniq_gastronok
D:10:     layout_roguey, uniq_josephine
D:11:     layout_long_grid, erik_lair_orcish_takeover, nrook_mini_vaults,
          uniq_erica, uniq_nergalle, uniq_urug
D:12:     layout_big_octagon
D:13:     layout_small_grid
D:14:     layout_irregular_city, erik_vaults_1, gammafunk_ghost_stat_death,
          serial_shops, shop, nicolae_trove_entry_path_of_doom
D:15:     hangedman_depths_entry_try_elsewhere_first, layout_basic, basic_altar,
          nicolae_gozag_seed_capital, feat_on_display, uniq_azrael, uniq_roxanne
Temple:   minmay_freezing_vapour_temple

Skill      XL: |  1  2  3  4  5  6  7  8  9 10 11 12 13 14 |
---------------+-------------------------------------------+-----
Armour         | 1 2 3 4 5 7 9 10 11 12 | 12.6
Maces & Flails | 4 5 7 8 10 12 13 14 15 16 | 16.0
Fighting       | 3 4 5 6 7 9 10 11 12 | 12.7
Dodging        | 4 |  4.4
Invocations    | 2 |  2.7
Evocations     | 2 |  2.4
Throwing       | |  1.7

Action                   |  1- 3 |  4- 6 |  7- 9 | 10-12 | 13-15 || total
-------------------------+-------+-------+-------+-------+-------++-------
Melee: Flail             |   184 |   233 |   529 |       |       ||   946
       Mace              |       |       |    75 |  1022 |   237 ||  1334
       Morningstar       |       |       |       |       |   503 ||   503
Throw: Throwing net      |       |     1 |     2 |     2 |     2 ||     7
  Use: Scroll            |       |     3 |     7 |     4 |     8 ||    22
       Potion            |       |     1 |     4 |     4 |     4 ||    13
 Stab: Held in net/web   |       |     1 |       |       |     2 ||     3
  Eat: Chunk             |     1 |     5 |    15 |    18 |    10 ||    49
       Ration            |       |       |     1 |     2 |     3 ||     6
Armor: Plate armour      |   192 |   166 |   481 |   914 |   599 ||  2352
       Leather armour    |     1 |       |       |       |       ||     1
Dodge: Dodged            |    77 |    66 |   199 |   399 |   248 ||   989

Table legend:
 A = Non-vault XP
 B = Vault XP
 C = Vault XP percentage of total XP
 D = Non-vault monster count
 E = Vault monster count
 F = Vault count percentage of total count
                 A         B        C        D         E       F
            +---------+---------+-------+---------+---------+-------
      Total |   36431 |   12940 |  26.2 |     363 |      58 |  13.8
            +---------+---------+-------+---------+---------+-------
        D:1 |      32 |       3 |   8.6 |      20 |       2 |   9.1
        D:2 |     127 |       0 |   0.0 |      34 |       0 |   0.0
        D:3 |     134 |      35 |  20.7 |      17 |       1 |   5.6
        D:4 |     271 |       0 |   0.0 |       9 |       0 |   0.0
        D:5 |     613 |       2 |   0.3 |      20 |       1 |   4.8
        D:6 |     796 |       0 |   0.0 |      20 |       0 |   0.0
        D:7 |     677 |     841 |  55.4 |      27 |       8 |  22.9
        D:8 |    2442 |    1147 |  32.0 |      20 |       7 |  25.9
        D:9 |    3017 |    2355 |  43.8 |      46 |       2 |   4.2
       D:10 |    2093 |    2179 |  51.0 |      24 |       7 |  22.6
       D:11 |    3596 |    3156 |  46.7 |      37 |      11 |  22.9
       D:12 |    3897 |       0 |   0.0 |      25 |       0 |   0.0
       D:13 |    4278 |       0 |   0.0 |      21 |       0 |   0.0
       D:14 |   12808 |    2437 |  16.0 |      39 |       4 |   9.3
       D:15 |    1650 |       0 |   0.0 |       4 |       0 |   0.0
    Ossuary |       0 |     785 | 100.0 |       0 |      15 | 100.0
            +---------+---------+-------+---------+---------+-------
